 Dungeon Crawl Stone Soup version 0.27.1-33-g824d729ab1 (webtiles) character file.

Game seed: 7115357961841009166

276756 belegose the Unseen (level 20, -2/108 HPs)
             Began as a Vine Stalker Brigand on Dec 11, 2021.
             Was the Champion of Wu Jian.
             Succumbed to a vault warden's poison
             ... on level 1 of the Vaults on Dec 12, 2021.
             The game lasted 04:41:12 (50045 turns).

belegose the Unseen (Vine Stalker Brigand)         Turns: 50045, Time: 04:41:13

Health: -2/108     AC: 19    Str: 21    XL:     20   Next: 38%
Magic:  9/31       EV: 15    Int: 20    God:    Wu Jian [******]
Gold:   1184       SH: 16    Dex: 17    Spells: 20/33 levels left

rFire    . . .     SeeInvis .   b - +3 Maxwell's thermic engine {flame, freeze}
rCold    + . .     Faith    .   C - +2 kite shield
rNeg     + . .     Spirit   +   F - +4 ring mail of Abstinence {rC+ rN+ Str+5 Stlth+}
rPois    .         Reflect  .   e - +2 hat {Int+3}
rElec    .         Harm     .   c - +0 cloak
rCorr    +         Rampage  +   n - +2 pair of gloves
Will     +++..                  E - +2 pair of boots {rampage}
Stlth    ++++++....             o - amulet of the acrobat
HPRegen  1.28/turn              m - ring of willpower
MPRegen  0.22/turn              V - ring of resist corrosion

@: lethally poisoned (-2 -> -91), studying Shields
A: fangs 3, regeneration 1, magic shield, antimagic bite, no potion heal 2
}: 2/15 runes: barnacled, gossamer
a: Renounce Religion, Wall Jump, Serpent's Lash, Heavenly Storm


You were on level 1 of the Vaults.
You worshipped Wu Jian.
Wu Jian was exalted by your worship.
You visited 7 branches of the dungeon, and saw 33 of its levels.
You also visited: Bailey and Ice Cave.

You collected 4020 gold pieces.
You spent 2836 gold pieces at shops.

Inventory:

Hand Weapons
 a - a +1 dagger of venom
 b - the +3 Maxwell's thermic engine (weapon) {flame, freeze}
   (You bought it in a shop on level 2 of the Orcish Mines)

   It burns those it strikes, dealing additional fire damage.
   Big, fiery blades are also staple armaments of hydra-hunters.
   It freezes those it strikes, dealing additional cold damage.
   It can also slow down cold-blooded creatures.
   It becomes more effective when it hits something.
   This effect fades over time.
 w - the +10 zealot's sword {holy, *Rage rN+ EV+3}
   (You acquired it on level 3 of the Dungeon)

   It has been blessed by the Shining One to cause great damage to the undead
   and demons.
   Whenever the wielder enters a berserk rage, their allies are berserked
   alongside them.
   EV:        It affects your evasion (+3).
   rN:        It protects you from negative energy.
   *Rage:     It may make you go berserk in combat.
Missiles
 d - 31 poisoned darts
 i - 70 javelins (quivered)
 l - 10 throwing nets
 x - 88 boomerangs
Armour
 c - a +0 cloak (worn)
 e - a +2 hat of intelligence (worn)
 n - a +2 pair of gloves (worn)
 C - a +2 kite shield (worn)
 E - a +2 pair of boots of rampaging (worn)
 F - the +4 ring mail of Abstinence (worn) {rC+ rN+ Str+5 Stlth+}
   (You found it on level 2 of the Lair of Beasts)

   Str:       It affects your strength (+5).
   rC:        It protects you from cold.
   rN:        It protects you from negative energy.
   Stlth:     It makes you more stealthy.
Jewellery
 k - the ring "Kooza" {rC+ rN+ Int+3 Dex+4}
   (You found it in an ice cave)

   [ring of protection from cold]

   Int:       It affects your intelligence (+3).
   Dex:       It affects your dexterity (+4).
   rC:        It protects you from cold.
   rN:        It protects you from negative energy.
 m - a ring of willpower (left hand)
 o - an amulet of the acrobat (around neck)
 y - a ring of see invisible
 H - a ring of flight
 M - a ring of protection from fire
 O - an amulet of regeneration
 S - a ring of poison resistance
 V - a ring of resist corrosion (right hand)
Wands
 j - a wand of iceblast (7)
 v - a wand of mindburst (35)
 J - a wand of flame (29)
 T - a wand of paralysis (6)
 U - a wand of charming (9)
 Y - a wand of digging (6)
 Z - a wand of acid (24)
Scrolls
 g - 6 scrolls of fog
 h - 13 scrolls of teleportation
 r - a scroll of blinking
 s - 2 scrolls of summoning
 t - 2 scrolls of fear
 u - 8 scrolls of magic mapping
 B - a scroll of silence
 D - 9 scrolls of identify
Potions
 q - 2 potions of berserk rage
 z - 4 potions of magic
 A - 4 potions of haste
 G - 4 potions of lignification
 I - 3 potions of cancellation
 L - 5 potions of curing
 N - 7 potions of ambrosia
 P - 2 potions of resistance
 R - 3 potions of might
 W - a potion of invisibility
 X - 5 potions of flight
Miscellaneous
 f - a lightning rod (4/4)
 p - a piece from Xom's chessboard (15/15)
 Q - a phantom mirror


   Skills:
 + Level 12.8 Fighting
 - Level 7.1(10.1) Short Blades
 + Level 11.1(11.9) Long Blades
 - Level 10.0 Throwing
 - Level 5.0 Armour
 - Level 8.0 Dodging
 - Level 15.0 Stealth
 - Level 15.0 Shields
 - Level 7.0 Spellcasting
 + Level 6.3 Summonings
 - Level 9.0 Necromancy
 - Level 9.0 Earth Magic
 - Level 11.0 Evocations


You had 20 spell levels left.
You knew the following spells:

 Your Spells              Type           Power      Damage    Failure   Level
a - Animate Skeleton      Necr           86%        N/A       1%          1
b - Dispel Undead         Necr           43%        3d17      3%          4
c - Lee's Rapid Deconstr  Erth           21%        3d13*     10%         5
d - Call Canine Familiar  Summ           32%        N/A       3%          3

Your spell library contained the following spells:

 Spells                   Type           Power      Damage    Failure   Level
 Pain                     Necr           100%       1d9       1%          1
 Sandblast                Erth           86%        2d18      1%          1
 Call Imp                 Summ           32%        N/A       1%          2
 Vampiric Draining        Necr           21%        2d9       1%          3
 Corpse Rot               Necr/Air       N/A        N/A       3%          2
 Passwall                 Tmut/Erth      20%        N/A       3%          2
 Agony                    Necr           43%        N/A       10%         5
 Beastly Appendage        Tmut           14%        N/A       14%         1
 Magic Dart               Conj           28%        1d4       14%         1
 Sting                    Tmut/Pois      28%        1d4       14%         1
 Ensorcelled Hibernation  Hex/Ice        14%        N/A       22%         2
 Poisonous Vapours        Pois/Air       14%        N/A       22%         2
 Static Discharge         Conj/Air       7%         N/A       22%         2
 Wereblood                Tmut           7%         N/A       22%         2
 Leda's Liquefaction      Hex/Erth       12%        N/A       22%         4
 Dazzling Flash           Conj/Hex       14%        N/A       41%         3
 Ignite Poison            Fire/Tmut/Pois 7%         N/A       41%         3
 Mephitic Cloud           Conj/Pois/Air  7%         N/A       41%         3
 Portal Projectile        Hex/Tloc       14%        N/A       41%         3
 Spider Form              Tmut/Pois      3%         N/A       41%         3
 Fulminant Prism          Conj/Hex       3%         3d6       82%         4
 Iskenderun's Mystic Bla  Conj/Tloc      7%         2d4       82%         4
 Sticky Flame             Conj/Fire      7%         2d3       82%         4
 Shadow Creatures         Summ           N/A        N/A       86%         6
 Statue Form              Tmut/Erth      16%        N/A       98%         6
 Fireball                 Conj/Fire      3%         3d4       99%         5
 Freezing Cloud           Conj/Ice/Air   3%         6-21      99%         5
 Iskenderun's Battlesphe  Conj           7%         2d6       99%         5
 Silence                  Hex/Air        3%         N/A       99%         5
 Conjure Ball Lightning   Conj/Air       3%         3x3d6     100%        6
 Dispersal                Tloc           3%         N/A       100%        6
 Dragon Form              Tmut           3%         N/A       100%        7
 Orb of Destruction       Conj           3%         9d1       100%        7
 Disjunction              Tloc           3%         N/A       100%        8
 Chain Lightning          Conj/Air       3%         3d4       100%        9
 Fire Storm               Conj/Fire      3%         8d1       100%        9


Dungeon Overview and Level Annotations

Branches:
Dungeon (15/15)            Temple (1/1) D:4            Lair (6/6) D:9
 Shoals (4/4) Lair:2       Spider (4/4) Lair:3        Slime (0/5) Lair:5
    Orc (2/2) D:9             Elf (0/3) Orc:2        Vaults (1/5) D:14
 Depths (0/5) D:15         Bailey (visited)           IceCv (visited)

Altars:
Ashenzari
Cheibriados
Dithmenos
Elyvilon
Fedhas
Gozag
Hepliaklqana
Kikubaaqudgha
Makhleb
Nemelex Xobeh
Okawaru
Qazlal
Ru
Sif Muna
Trog
Uskayaw
Vehumet
Wu Jian
Xom
Yredelemnul
Zin
The Shining One
Beogh
Jiyva

Shops:
D:3 ?   D:13 *   D:14 [   Orc:2 **[=(

Annotations:
D:2 exclusion: giant cockroach, Sigmund
Spider:3 2 transporters, Arachne; Ecsagit's ghost, journeyman TrAK; Myss's ghost, adept DrCj


Innate Abilities, Weirdness & Mutations

You have razor-sharp teeth.
Your natural rate of healing is unusually fast.
When hurt, damage is shared between your health and your magic reserves.
Your bite disrupts and absorbs the magic of your enemies.
Potions cannot restore your health.


Message History

You hear a shout!
You rampage towards the vault warden!
You closely miss the vault warden. You hit the vault warden.
The vault warden is poisoned.
You bite the vault warden!
The vault warden's magic leaks into the air.
You drain its magic.
You feel invigorated.
The vault warden is lightly wounded.
The vault warden unwields a +0 arbalest.
The vault warden wields a +1 war axe of venom.
It begins to drip with poison!
The vault warden hits you with a +1 war axe of venom!!
You are poisoned.
You hit the vault warden.
The vault warden looks as sick as possible!
You bite the vault warden.
The vault warden's magic leaks into the air.
You drain its magic.
You feel invigorated.
The vault warden is lightly wounded.
You feel very sick.
You hit the vault warden but do no damage.
The vault warden looks as sick as possible!
The vault warden is moderately wounded.
You feel sick.
Your +1 dagger of venom stops dripping with poison.
The engine hums to life!
b - the +2 Maxwell's thermic engine (weapon)
{flame, freeze} You feel very sick.
The vault warden hits you with a +1 war axe of venom!!
You are lethally poisoned!
You hear a shout!
You barely miss the vault warden.
The vault warden is moderately wounded.
You feel extremely sick.
The vault warden hits you with a +1 war axe of venom!!
* * * LOW HITPOINT WARNING * * *
You are more poisoned.
You slash the vault warden! You burn the vault warden.
You freeze the vault warden.
The vault warden is heavily wounded.
You die...

#'### #####'...###+## #.......
#...# #.#..#...#..#.# ########
#...# #.#..#.∩.#..#.# #.......
##### #.#..#...#..#.# #.......
#..# ##'###...[##### #.......
#..# #.#..#.8.#..#.# #.......
...# #.#..#...#..#.# #...####
)..# ##'#########(## #...####
#### #)#..#p@['..#.# #...##..
###############'##########...##..
..........................[..##'#
........)............p.......#...
#####).#####'###########.....#.##
....#..#.............^.#.....#.##
.?..#..#...............#.....#...
....)).#..........###..#.....##'#
....#))#...#.......#...#.....#...


You could see a vault warden (extremely poisoned).

Vanquished Creatures
  Mara (Shoals:3)
  Rupert (D:12)
  Polyphemus (Shoals:4)
  Gastronok (Lair:1)
  A sphinx (Vaults:1)
  Roxanne (Spider:1)
  A tengu reaver (Vaults:1)
  An azure jelly (IceCv)
  Louise (Shoals:2)
  An orc warlord (Orc:2)
  A ghost moth (Spider:4)
  2 vault wardens (Vaults:1)
  8 emperor scorpions
  5 ironbound preservers
  2 quicksilver oozes (IceCv)
  Nessos (Lair:5)
  A deep elf demonologist (Vaults:1)
  4 dire elephants
  6 entropy weavers
  Snorg (Lair:4)
  6 merfolk javelineers
  The ghost of unlimited1921 the Arsonist, a journeyman HOFE of Ashenzari (D:11)
  9 merfolk impalers
  Josephine (Lair:6)
  A great orb of eyes (Vaults:1)
  4 boulder beetles
  12 hydras
  3 ironbound thunderhulks (Vaults:1)
  A vault guard (Vaults:1)
  An ogre mage (D:15)
  3 ironbound frosthearts (Vaults:1)
  2 catoblepae
  An alligator snapping turtle (Shoals:4)
  A merfolk avatar (Shoals:3)
  9 two-headed ogres
  16 centaur warriors
  A merfolk aquamancer (Shoals:3)
  A dancing weapon (D:11)
  5 satyrs
  23 death yaks
  Urug (D:14)
  2 ironbound beastmasters (Vaults:1)
  The ghost of jiml777 the Blocker, a novice GrFi of Gozag (D:9)
  An orc high priest (Orc:2)
  A fire crab (Lair:5)
  9 skeletal warriors
  10 sea snakes
  8 deep trolls
  5 lindwurms
  2 ironbound convokers
  A wolf spider zombie (D:15)
  17 orb spiders
  A necromancer (D:15)
  2 orc knights
  A wizard (D:15)
  4 deep elf pyromancers
  16 wolf spiders
  6 orc sorcerers
  21 harpies
  12 cyclopes
  13 ugly things
  3 moths of wrath
  9 elephants (Lair:6)
  45 fauns
  A cyclops (shapeshifter) (D:9)
  7 merfolk sirens
  14 manticores
  8 black mambas
  A naga mage (D:15)
  3 vault sentinels
  An ice statue (IceCv)
  7 water nymphs
  A torpor snail (Lair:6)
  2 gargoyles
  The ghost of SensoryNuts the Slasher, a novice DsGl (D:6)
  A kobold demonologist (D:10)
  4 rime drakes
  10 cane toads
  14 demonic crawlers
  An efreet (D:14)
  2 entropy weaver simulacra (IceCv)
  4 yaktaurs (Vaults:1)
  3 komodo dragons
  4 meliai
  6 trolls
  6 wind drakes
  5 hornets
  9 polar bears (Lair:6)
  26 merfolk
  37 jumping spiders
  A raiju (Lair:6)
  14 blink frogs
  29 slime creatures
  16 snapping turtles
  5 dream sheep (Lair:6)
  A tarantella (shapeshifter) (D:15)
  2 water elementals
  2 centaur simulacra (D:15)
  26 tarantellas
  73 redbacks
  9 wraiths
  47 yaks
  2 wyverns
  17 humans
  5 basilisks
  5 vampire mosquitoes
  3 steam dragons
  15 wargs
  17 water moccasins
  14 hell hounds (Lair:6)
  3 acid dragons
  3 demonic crawler simulacra (IceCv)
  3 sky beasts
  36 orc warriors
  11 black bears (Lair:6)
  9 ogres
  A necrophage (D:6)
  2 ugly thing simulacra (IceCv)
  An ice beast (D:5)
  A boggart (Bailey)
  24 wolves
  20 centaurs
  2 kobold brigands
  3 phantoms
  Blork the orc (D:3)
  3 bullfrogs
  A gnoll sergeant (D:9)
  3 scorpions
  4 glowing shapeshifter simulacra (IceCv)
  A wyvern skeleton (D:6)
  13 wights
  A killer bee (Bailey)
  5 howler monkeys
  A hound (D:4)
  3 jellies
  3 centaur skeletons
  2 centaur zombies
  Crazy Yiuf (D:4)
  A gnoll shaman (D:8)
  22 orc priests
  3 bullfrog skeletons
  Jessica (D:2)
  2 iguanas
  16 orc wizards
  A hound skeleton (D:4)
  3 howler monkey zombies
  8 adders
  8 gnolls
  A howler monkey skeleton (D:5)
  A shadow imp (D:7)
  2 ufetubi
  2 worms
  A dart slug (D:1)
  74 orcs
  5 bats
  6 endoplasms
  6 giant cockroaches
  7 goblins
  6 hobgoblins
  6 jackals
  2 quokkas
  10 ball pythons
  3 frilled lizards (D:1)
  12 kobolds
  5 rats
  A butterfly (D:4)
1190 creatures vanquished.

Vanquished Creatures (collateral kills)
  Agnes (Spider:4)
  Ilsuiw (Shoals:3)
  A satyr (Shoals:4)
  An orb spider (Spider:4)
  A faun (Shoals:4)
  A merfolk siren (Shoals:3)
  A jumping spider (Spider:4)
  A demonic crawler (Spider:4)
  A merfolk (Shoals:4)
  2 slime creatures (IceCv)
  2 redbacks (Spider:4)
  A tarantella (Spider:4)
14 creatures vanquished.

Vanquished Creatures (others)
  A satyr (Shoals:4)
  An orb spider (Spider:1)
  A wind drake (Shoals:3)
  2 redbacks (Spider:4)
  A bush (Lair:6)
  43 fungi
  296 plants
345 creatures vanquished.

Grand Total: 1549 creatures vanquished

Notes
Turn   | Place    | Note
-------+----------+-------------------------------------------
     0 | D:1      | belegose the Vine Stalker Brigand began the quest for the
                  | Orb.
     0 | D:1      | Reached XP level 1. HP: 11/11 MP: 2/2
   420 | D:1      | Reached skill level 1 in Dodging
   420 | D:1      | Reached XP level 2. HP: 15/15 MP: 3/3
   536 | D:1      | Reached skill level 5 in Stealth
  1233 | D:1      | Reached XP level 3. HP: 18/18 MP: 4/4
  1679 | D:2      | Noticed Sigmund
  1996 | D:2      | Noticed Jessica
  2015 | D:2      | Killed Jessica
  2016 | D:2      | Gained mutation: Your natural rate of healing is unusually
                  | fast. [Vine Stalker growth]
  2016 | D:2      | Reached XP level 4. HP: 16/23 MP: 3/5
  2619 | D:3      | Reached XP level 5. HP: 23/27 MP: 4/6
  2743 | D:3      | Found a faded altar of an unknown god.
  2909 | D:3      | Found Veblets's Magic Scroll Boutique.
  2930 | D:3      | Bought a scroll of identify for 28 gold pieces
  3367 | D:3      | HP: 1/27 [orc priest/divine providence (6)]
  3370 | D:3      | Reached XP level 6. HP: 4/32 MP: 2/7
  3532 | D:4      | Found an iron altar of Okawaru.
  3542 | D:4      | Found a shimmering altar of Xom.
  3554 | D:4      | Found a bloodstained altar of Trog.
  3625 | D:4      | Noticed a yak
  3641 | D:4      | Noticed Blork the orc
  3692 | D:3      | Killed Blork the orc
  3802 | D:4      | Found a staircase to the Ecumenical Temple.
  3814 | Temple   | Entered the Ecumenical Temple
  3899 | Temple   | Became a worshipper of the Wu Jian Council
  4000 | D:4      | Found a radiant altar of Vehumet.
  4063 | D:4      | Found a shadowy altar of Dithmenos.
  4112 | D:4      | Reached skill level 1 in Armour
  4137 | D:4      | Reached XP level 7. HP: 36/36 MP: 8/8
  4238 | D:5      | Entered Level 5 of the Dungeon
  4252 | D:5      | Found a radiant altar of Vehumet.
  4683 | D:4      | Noticed a yak
  4683 | D:4      | Noticed a yak
  4683 | D:4      | Noticed a yak
  4683 | D:4      | Noticed a yak
  4683 | D:4      | Noticed a yak
  4778 | D:4      | Killed a yak
  4779 | D:4      | Gained mutation: You have razor-sharp teeth. [Vine Stalker
                  | growth]
  4779 | D:4      | Reached XP level 8. HP: 36/42 MP: 9/9
  4789 | D:4      | Killed a yak
  4790 | D:4      | Reached skill level 1 in Shields
  4801 | D:4      | Killed a yak
  4801 | D:4      | Reached * piety under Wu Jian
  4854 | D:4      | Found a runed translucent door.
  4855 | D:4      | Noticed Crazy Yiuf
  4863 | D:4      | Killed Crazy Yiuf
  4911 | D:4      | Killed a yak
  4918 | D:4      | Killed a yak
  4943 | D:4      | Killed a yak
  4944 | D:4      | Reached XP level 9. HP: 41/46 MP: 8/10
  5041 | D:5      | Found a runed translucent gate.
  5045 | D:5      | Found a runed translucent gate.
  5045 | D:5      | Found a runed translucent gate.
  5048 | D:5      | Noticed SensoryNuts's ghost (novice DsGl)
  5052 | D:5      | Found a sacrificial altar of Ru.
  5324 | D:6      | Reached skill level 5 in Short Blades
  5354 | D:6      | Reached skill level 5 in Throwing
  5513 | D:6      | Reached skill level 5 in Fighting
  6688 | D:7      | Found an opulent altar of Gozag.
  6689 | D:7      | Found a hazy altar of Hepliaklqana.
  6693 | D:7      | Found a glowing silver altar of Zin.
  6695 | D:7      | Found a sparkling altar of Nemelex Xobeh.
  6696 | D:7      | Found a snail-covered altar of Cheibriados.
  6698 | D:7      | Found a blossoming altar of Fedhas.
  6700 | D:7      | Found a broken altar of Ashenzari.
  7144 | D:8      | Reached XP level 10. HP: 39/45 MP: 8/11
  7358 | D:8      | Found a flagged portal.
  7363 | Bailey   | Entered a bailey
  7434 | Bailey   | Reached ** piety under Wu Jian
  7905 | Bailey   | Found the +9 heavy crossbow "Sniper" {vorpal, Acc+∞ SInv}
  7916 | Bailey   | Reached skill level 10 in Stealth
  7973 | Bailey   | Noticed a black mamba
  7973 | Bailey   | a centaur changed into a black mamba
  7991 | Bailey   | Killed a black mamba
  8918 | D:8      | Reached *** piety under Wu Jian
  9517 | D:9      | Reached XP level 11. HP: 56/58 MP: 12/12
  9690 | D:9      | Found a staircase to the Lair.
  9915 | D:9      | Reached skill level 1 in Long Blades
  9918 | D:9      | HP: 2/58 [poisoned by a gnoll sergeant]
  9923 | D:9      | HP: 2/58 [poisoned by a gnoll sergeant]
 10011 | D:9      | Found a runed translucent gate.
 10012 | D:9      | Found a runed translucent gate.
 10012 | D:9      | Found an opulent altar of Gozag.
 10012 | D:9      | Found a runed translucent gate.
 10014 | D:9      | Noticed jiml777's ghost (novice GrFi)
 10221 | D:9      | Found a staircase to the Orcish Mines.
 10573 | Orc:1    | Entered Level 1 of the Orcish Mines
 11017 | Orc:2    | Entered Level 2 of the Orcish Mines
 11082 | Orc:1    | Reached **** piety under Wu Jian
 11146 | Orc:2    | Found a staircase to the Elven Halls.
 11457 | Orc:2    | Reached skill level 1 in Evocations
 11818 | Orc:2    | Found Koplyw's General Store.
 11903 | Orc:1    | Noticed a two-headed ogre
 11908 | Orc:1    | Noticed an orc sorcerer
 11908 | Orc:1    | Noticed an orc sorcerer
 11932 | Orc:2    | Killed a two-headed ogre
 11999 | Orc:2    | Noticed an orc warlord
 12509 | Orc:2    | Noticed an orc sorcerer
 12531 | Orc:2    | Noticed a sixfirhy
 12534 | Orc:2    | Killed an orc sorcerer
 12658 | Orc:2    | Noticed an orc knight
 12762 | Orc:2    | Noticed an orc sorcerer
 12776 | Orc:2    | Noticed an orc knight
 12838 | Orc:1    | Killed an orc knight
 12839 | Orc:1    | Reached XP level 12. HP: 49/64 MP: 8/13
 13366 | Orc:2    | Noticed a two-headed ogre
 13366 | Orc:2    | a sea snake changed into a two-headed ogre
 13369 | Orc:1    | a two-headed ogre changed into a cyclops
 13377 | Orc:1    | Noticed a spark wasp
 13377 | Orc:1    | a death drake changed into a spark wasp
 13378 | Orc:1    | Noticed a minotaur
 13378 | Orc:1    | a spark wasp changed into a minotaur
 13379 | Orc:1    | Noticed a catoblepas
 13379 | Orc:1    | a minotaur changed into a catoblepas
 13381 | Orc:1    | Noticed an emperor scorpion
 13381 | Orc:1    | a catoblepas changed into an emperor scorpion
 13385 | Orc:1    | Noticed a storm dragon
 13385 | Orc:1    | an emperor scorpion changed into a storm dragon
 13386 | Orc:1    | Noticed a bunyip
 13386 | Orc:1    | a storm dragon changed into a bunyip
 13450 | Orc:1    | Noticed a great orb of eyes
 13450 | Orc:1    | a bunyip changed into a great orb of eyes
 13476 | Orc:1    | Noticed a satyr
 13477 | Orc:1    | Noticed a great orb of eyes
 13477 | Orc:1    | a satyr changed into a great orb of eyes
 13479 | Orc:1    | a great orb of eyes changed into a tyrant leech
 13481 | Orc:1    | Noticed a great orb of eyes
 13481 | Orc:1    | a tyrant leech changed into a great orb of eyes
 13483 | Orc:1    | a great orb of eyes changed into a slime creature
 13492 | Orc:1    | Noticed an anaconda
 13492 | Orc:1    | a merfolk changed into an anaconda
 13493 | Orc:1    | an anaconda changed into a faun
 13552 | Orc:1    | Noticed a two-headed ogre
 13552 | Orc:1    | a torpor snail changed into a two-headed ogre
 13555 | Orc:1    | a two-headed ogre changed into a sea snake
 13775 | Orc:1    | Noticed an alligator
 13775 | Orc:1    | a wolf spider changed into an alligator
 13775 | Orc:1    | Noticed an ettin
 13775 | Orc:1    | an alligator changed into an ettin
 13779 | Orc:1    | Noticed a great orb of eyes
 13779 | Orc:1    | an ettin changed into a great orb of eyes
 13780 | Orc:1    | a great orb of eyes changed into something unseen
 13784 | Orc:1    | Noticed a seven-headed hydra
 13785 | Orc:1    | Noticed a storm dragon
 13785 | Orc:1    | a seven-headed hydra changed into a storm dragon
 13789 | Orc:1    | Noticed a dire elephant
 13789 | Orc:1    | a storm dragon changed into a dire elephant
 13802 | D:9      | Noticed a stone giant
 13802 | D:9      | a dire elephant changed into a stone giant
 13818 | D:9      | Noticed a dire elephant
 13818 | D:9      | a stone giant changed into a dire elephant
 13819 | D:9      | Noticed a fire giant
 13819 | D:9      | a dire elephant changed into a fire giant
 13821 | D:9      | Noticed a shadow dragon
 13821 | D:9      | a fire giant changed into a shadow dragon
 14607 | Lair:1   | Entered Level 1 of the Lair of Beasts
 14768 | Lair:1   | Reached skill level 5 in Dodging
 14957 | Lair:1   | Noticed Gastronok
 14957 | Lair:1   | You fall into a shaft and drop 1 floor!
 15076 | Lair:1   | Noticed an eight-headed hydra
 15122 | Lair:1   | Killed an eight-headed hydra
 15204 | Lair:1   | Noticed Sonja
 15205 | Lair:1   | Noticed Sonja
 15205 | Lair:1   | Sonja changed into Sonja the human
 15241 | Lair:1   | Killed Sonja the human
 15401 | Lair:1   | Killed Gastronok
 15868 | Lair:2   | Noticed a four-headed hydra
 15872 | Lair:2   | Killed a four-headed hydra
 15984 | Lair:2   | Found a staircase to the Shoals.
 16064 | Lair:2   | Identified the +4 ring mail of Abstinence {rC+ rN+ Str+5
                  | Stlth+}
 16193 | Lair:2   | Identified the +9 glaive "Noezoffo" {freeze, rPois rC+
                  | Will++ Dex-2}
 16355 | Lair:3   | Noticed a death yak
 16356 | Lair:3   | Noticed a death yak
 16385 | Lair:3   | Found a frozen archway.
 16390 | IceCv    | Entered an ice cave
 17049 | IceCv    | Reached skill level 5 in Long Blades
 17075 | IceCv    | Reached ***** piety under Wu Jian
 17077 | IceCv    | Reached XP level 13. HP: 70/70 MP: 14/14
 17154 | IceCv    | Noticed a quicksilver ooze
 17198 | IceCv    | Killed a quicksilver ooze
 17464 | IceCv    | Noticed an azure jelly
 17466 | IceCv    | Found a viscous altar of Jiyva.
 17480 | IceCv    | Killed an azure jelly
 17507 | IceCv    | Noticed a quicksilver ooze
 17516 | IceCv    | Killed a quicksilver ooze
 17517 | IceCv    | Reached skill level 5 in Evocations
 17531 | IceCv    | Got the ring "Kooza" {rC+ rN+ Int+3 Dex+4}
 17533 | IceCv    | Got the +3 spear of the Wraith {freeze, +Rage}
 17740 | Lair:3   | Reached skill level 5 in Armour
 18277 | Lair:3   | Found a hole to the Spider Nest.
 19433 | Lair:4   | Noticed Snorg
 19464 | Lair:4   | Killed Snorg
 19576 | Lair:4   | Reached XP level 14. HP: 76/76 MP: 15/15
 20284 | Lair:5   | Found a staircase to the Slime Pits.
 20285 | Lair:5   | Found a viscous altar of Jiyva.
 20683 | Lair:5   | Reached skill level 10 in Fighting
 20803 | Lair:5   | Reached skill level 10 in Throwing
 21259 | D:9      | Noticed an entropy weaver
 21296 | D:10     | Entered Level 10 of the Dungeon
 21488 | D:3      | Bought a scroll of acquirement for 728 gold pieces
 21488 | D:3      | Bought a scroll of blinking for 105 gold pieces
 21489 | D:3      | Acquired the +10 zealot's sword {holy, *Rage rN+ EV+3}
 21489 | D:3      | Found the +10 zealot's sword {holy, *Rage rN+ EV+3}
 21775 | Lair:6   | Entered Level 6 of the Lair of Beasts
 21776 | Lair:6   | Noticed Nessos
 22092 | Lair:5   | Killed Nessos
 22359 | Lair:6   | Noticed Josephine
 22365 | Lair:6   | Killed Josephine
 22727 | Lair:6   | Reached XP level 15. HP: 80/81 MP: 16/16
 22802 | Lair:6   | Reached ****** piety under Wu Jian
 23024 | Lair:6   | Reached skill level 15 in Stealth
 24003 | Lair:6   | Found the +4 robe of Augmentation {Str+4 Int+4 Dex+4}
 25581 | D:11     | Found a runed translucent door.
 25583 | D:11     | Found a shimmering altar of Xom.
 25583 | D:11     | Noticed unlimited1921's ghost (journeyman HOFE)
 26795 | D:12     | Noticed Rupert
 26830 | D:12     | Killed Rupert
 27269 | D:12     | Reached XP level 16. HP: 88/88 MP: 17/17
 27508 | D:12     | Learned a level 1 spell: Animate Skeleton
 27510 | D:13     | Found Lerimpee's Elemental Accessories.
 27516 | D:13     | Reached skill level 5 in Shields
 27921 | D:13     | Reached skill level 1 in Spellcasting
 27921 | D:13     | Reached skill level 1 in Necromancy
 28310 | D:6      | Killed SensoryNuts's ghost
 29097 | Orc:2    | Found Naddanix's Antique Armour Emporium.
 29114 | Orc:2    | Found Vijag's Antique Weapon Emporium.
 29130 | Orc:2    | Found Pebu Qiu's Jewellery Emporium.
 29146 | Orc:2    | Found Xol Fifu's General Store.
 29467 | Orc:2    | Bought the +2 Maxwell's thermic engine {flame, freeze} for
                  | 1232 gold pieces
 29467 | Orc:2    | Found the +2 Maxwell's thermic engine {flame, freeze}
 29483 | Orc:2    | Bought a shiny kite shield for 240 gold pieces
 29519 | Orc:2    | Bought a scroll of magic mapping for 56 gold pieces
 29519 | Orc:2    | Bought a scroll of teleportation for 48 gold pieces
 29519 | Orc:2    | Bought a scroll of summoning for 152 gold pieces
 29965 | D:14     | Noticed Urug
 29965 | D:14     | Found a gate to the Vaults.
 30285 | D:14     | Killed Urug
 30383 | D:14     | Found Titzysut's Armour Shoppe.
 30706 | D:14     | Reached skill level 10 in Evocations
 30970 | D:15     | Entered Level 15 of the Dungeon
 31233 | D:15     | Found a staircase to the Depths.
 31306 | D:15     | Reached skill level 5 in Spellcasting
 31306 | D:15     | Reached skill level 5 in Necromancy
 31311 | D:15     | Learned a level 4 spell: Dispel Undead
 32236 | D:15     | Reached XP level 17. HP: 93/93 MP: 25/25
 32516 | Spider:1 | Entered Level 1 of the Spider Nest
 32516 | Spider:1 | Identified Roxanne's Guide on Changing
 32516 | Spider:1 | Noticed Roxanne
 32619 | Shoals:1 | Entered Level 1 of the Shoals
 33203 | D:14     | Bought a +1 pair of boots of rampaging for 247 gold pieces
 34916 | Shoals:2 | Learned a level 5 spell: Lee's Rapid Deconstruction
 35128 | Shoals:2 | Reached skill level 1 in Earth Magic
 35172 | Shoals:3 | Noticed Ilsuiw
 35930 | Shoals:3 | Noticed Louise
 36057 | Shoals:2 | Killed Louise
 36369 | Shoals:3 | Noticed Mara
 36424 | Shoals:3 | Noticed belegose's illusion
 36605 | Shoals:3 | Killed Mara
 36606 | Shoals:3 | Reached skill level 10 in Shields
 36894 | Shoals:3 | Reached XP level 18. HP: 97/97 MP: 26/26
 37213 | Shoals:3 | Reached skill level 5 in Earth Magic
 37503 | Shoals:3 | Killed Ilsuiw
 37749 | Shoals:4 | Entered Level 4 of the Shoals
 38645 | Shoals:4 | Noticed Polyphemus
 39785 | Shoals:4 | Killed Polyphemus
 40703 | Shoals:4 | Got a barnacled rune of Zot
 41690 | Spider:1 | Killed Roxanne
 43503 | Spider:2 | Reached XP level 19. HP: 101/101 MP: 30/30
 44177 | Spider:3 | Found a transporter.
 44286 | Spider:3 | Found a transporter.
 44289 | Spider:3 | Noticed Ecsagit's ghost (journeyman TrAK)
 44300 | Spider:3 | Noticed Myss's ghost (adept DrCj)
 44304 | Spider:3 | Noticed Arachne
 45049 | Spider:4 | Entered Level 4 of the Spider Nest
 45110 | Spider:3 | Learned a level 3 spell: Call Canine Familiar
 45205 | Spider:4 | Acquired a manual of Shields
 45317 | Spider:4 | Reached skill level 1 in Summonings
 45844 | Spider:4 | Noticed Agnes
 45855 | Spider:4 | Killed Agnes
 46041 | Spider:3 | Reached skill level 10 in Long Blades
 47345 | Spider:4 | Got a gossamer rune of Zot
 47706 | D:9      | Killed jiml777's ghost
 47852 | D:11     | Killed unlimited1921's ghost
 48496 | Vaults:1 | Entered Level 1 of the Vaults
 49024 | D:14     | Reached XP level 20. HP: 95/107 MP: 31/31
 49054 | Vaults:1 | Reached skill level 5 in Summonings
 49617 | Vaults:1 | Reached skill level 15 in Shields
 50045 | Vaults:1 | Succumbed to a vault warden's poison

Illustrated notes

Levels and vault maps discovered:
D:1:      scummos_arrival_forest, layout_basic, minmay_heptomino_l4
D:2:      layout_rooms, uniq_jessica, uniq_sigmund
D:3:      layout_rooms, serial_shops, nicolae_shop_statue_plus,
          hellmonk_ecumenical_altar_lost_god, st_stairs_9
D:4:      layout_rooms, marbit_many_paths, nicolae_dithmenos_the_darkroom,
          xom_butterflies, kennysheep_little_box,
          minmay_temple_entry_antechambers, kennysheep_flooded_box,
          uniq_blork_the_orc, uniq_crazy_yiuf_cottage
D:5:      layout_rooms, vehumet_crystals, nicolae_overflow_crystal_walls,
          biasface_ghost_orc_armoury
D:6:      layout_loops_ring, minmay_door_square
D:7:      layout_loops_corners, minitemple, roderic_lattice_a
D:8:      layout_basic, enter_bailey_3
D:9:      layout_basic, erik_lair_orcish_takeover, orc_0_dummy,
          ebering_ghost_gozag, david_defended_altar_orc
D:10:     layout_gridville
D:11:     layout_basic, ebering_ghost_xom, minmay_misc_feat_roman,
          roderic_serpentine_path
D:12:     layout_loops_ring, uniq_rupert
D:13:     layout_loops_ring, nicolae_elemental_shop
D:14:     layout_loops_ring, david_vaults_3, serial_shops, shop, minivault_4,
          st_stairs_13, grunt_ministairs_13, minmay_misc_feat_alley
D:15:     grunt_enter_depths_magical_seal, layout_cave_pods,
          corexii_corridor_pit
Temple:   dpeg_three_leaves_temple
Lair:1:   layout_big_grid, uniq_sonja, uniq_gastronok
Lair:2:   layout_long_grid, minmay_shoals_entry_hut, small_statue_intersection,
          lemuel_fruit_fields
Lair:3:   layout_loops_ring, nicolae_spider_entry_orb_guardian,
          portal_ice_cave_entry_pillars_2, lemuel_fruit_tree,
          serial_bayou_shore_b
Lair:4:   layout_loops_ring, serial_bayou_shore_a, infiniplex_staircase_pool_2,
          grunt_megastairs_5, uniq_snorg, uniq_urug
Lair:5:   layout_regular_city, slime_altar_1, nzn_random_ring
Lair:6:   hangedman_lair_in_review, layout_layer_cave,
          hangedman_lair_caniforms_friends, grunt_megastairs_3, uniq_nessos,
          uniq_josephine
Shoals:1: cheibrodos_shoals_oceanic_diplomacy, layout_shoals, st_cyclops
Shoals:2: layout_shoals
Shoals:3: layout_shoals, uniq_louise, uniq_ilsuiw, uniq_mara
Shoals:4: shoals_end_grunt_garden, layout_shoals,
          nicolae_shoals_lost_giant_pillars, uniq_polyphemus
Spider:1: layout_chambers, drop_trap, uniq_roxanne
Spider:2: layout_spider_delve, hangedman_spider_tarantella_strand
Spider:3: layout_spider_delve, nzn_ghost_randoct
Spider:4: grunt_spider_rune_circles, nicolae_spider_baby_got_redback, uniq_agnes
Orc:1:    layout_caves
Orc:2:    grunt_orc_cross, layout_diamond_mine, serial_shops,
          nicolae_shop_temple_entry_statues_fountains, nooodl_orcs_dogs
Vaults:1: nicolae_vaults_fighting_squares, hangedman_vaults_nails,
          vaults_standard_mumra_x, hangedman_vaults_unwind,
          nicolae_vaults_little_squares_1, nicolae_vaults_little_squares_4,
          hangedman_vaults_impose, ontoclasm_vaults_claustrophobia,
          vaults_mumra_chevron, ontoclasm_vaults_chip, v_alt_pattern_3,
          nicolae_vaults_triangles, vaults_dpeg_diagonal,
          layout_vaults_omnicross

Skill      XL: |  1  2  3  4  5  6  7  8  9 10 11 12 13 14 15 16 17 18 19 20 |
---------------+-------------------------------------------------------------+-----
Dodging        | 1 2 3 4 5 6 8 |  8.0
Stealth        | 5 6 7 9 10 11 12 13 14 15 | 15.0
Throwing       | 2 3 4 5 6 7 8 9 10 | 10.0
Fighting       | 2 3 4 5 6 7 8 9 10 11 12 | 12.8
Short Blades   | 2 3 4 5 6 7 |  7.1
Armour         | 1 2 3 4 5 |  5.0
Shields        | 2 3 4 7 10 12 14 15 | 15.0
Long Blades    | 3 5 6 8 9 10 11 | 11.1
Evocations     | 2 4 6 7 9 10 11 | 11.0
Spellcasting   | 5 7 |  7.0
Necromancy     | 5 8 9 |  9.0
Earth Magic    | 4 9 |  9.0
Summonings     | 4 6 |  6.3

Action                   |  1- 3 |  4- 6 |  7- 9 | 10-12 | 13-15 | 16-18 | 19-21 || total
-------------------------+-------+-------+-------+-------+-------+-------+-------++-------
Melee: Dagger            |    93 |   167 |    33 |    98 |   477 |  1434 |   678 ||  2980
       Bite              |    19 |    71 |    99 |   316 |   532 |   916 |   502 ||  2455
       Whip              |       |    52 |   107 |   508 |       |       |       ||   667
       Scimitar          |       |       |   132 |   268 |   186 |       |       ||   586
       Staff             |       |       |       |     1 |       |       |       ||     1
       Eudemon blade     |       |       |       |       |   511 |    95 |    24 ||   630
       Double sword      |       |       |       |       |       |   622 |   390 ||  1012
Throw: Dart              |       |       |     7 |   110 |    21 |    22 |    26 ||   186
       Boomerang         |       |       |    23 |    11 |     7 |    12 |    11 ||    64
       Javelin           |       |       |     8 |    12 |    24 |     7 |     9 ||    60
 Cast: Lee's Rapid Decon |       |       |       |       |       |     7 |       ||     7
       Call Canine Famil |       |       |       |       |       |       |     1 ||     1
Invok: Lunge             |       |     2 |     8 |    81 |    53 |    50 |       ||   194
       Whirlwind         |       |       |    13 |   125 |   117 |   148 |    53 ||   456
       Serpent's Lash    |       |       |       |     3 |     2 |       |       ||     5
 Abil: Wall Jump         |       |       |       |     2 |       |       |       ||     2
Evoke: Piece from Xom's  |       |       |     3 |     6 |       |       |       ||     9
       Wand              |       |       |       |    21 |    11 |    52 |     7 ||    91
       Lightning rod     |       |       |       |     5 |     2 |     2 |       ||     9
       Phantom mirror    |       |       |       |       |       |       |     1 ||     1
  Use: Scroll            |       |     5 |     5 |     5 |    16 |     3 |     2 ||    36
       Potion            |       |     1 |       |     1 |     2 |     1 |     2 ||     7
 Stab: Sleeping          |    10 |     7 |     5 |    25 |    26 |    44 |    10 ||   127
       Distracted        |       |     1 |       |     8 |     6 |     9 |     6 ||    30
       Paralysed         |       |       |       |       |     1 |       |       ||     1
Armor: Robe              |    27 |    35 |       |       |       |       |       ||    62
       Leather armour    |       |    25 |    44 |       |       |       |       ||    69
       Acid dragon scale |       |       |    44 |   205 |       |       |       ||   249
       Ring mail         |       |       |       |    39 |   268 |   581 |   395 ||  1283
Dodge: Dodged            |    40 |   132 |   130 |   410 |   568 |   927 |   510 ||  2717
Block: Buckler           |       |       |    70 |   257 |   258 |   190 |       ||   775
       Kite shield       |       |       |       |       |       |   876 |   765 ||  1641
       Rpst.: Scimitar   |       |       |    23 |    31 |    17 |       |       ||    71
       Eudemon blade     |       |       |       |       |    64 |     3 |     1 ||    68
       Double sword      |       |       |       |       |       |    54 |    34 ||    88
